 Dungeon Crawl Stone Soup version 0.27-a0-1196-g3e9cee4cb2 (webtiles) character file.

Game seed: 15160538067742637068

5 Glokmah the Sneak (level 1, -7/18 HPs)
             Began as a Demigod Delver on May 29, 2021.
             Mangled by an iguana (8 damage)
             ... on level 5 of the Dungeon.
             The game lasted 00:01:01 (193 turns).

Glokmah the Sneak (Demigod Delver)                   Turns: 193, Time: 00:01:02

Health: -7/18      AC:  3    Str: 13    XL:     1   Next: 53%
Magic:  3/3        EV: 11    Int: 12    God:
Gold:   0          SH:  0    Dex: 15    Spells: 0/0 levels left

rFire    . . .     SeeInvis .   a - +0 hand axe
rCold    . . .     Faith    .   (no shield)
rNeg     . . .     Spirit   .   b - +0 leather armour
rPois    .         Reflect  .   (no helmet)
rElec    .         Harm     .   (no cloak)
rCorr    .         Rampage  .   (no gloves)
Will     .....                  (no boots)
Stlth    +++.......             (no amulet)
HPRegen  0.06/turn              (no ring)
MPRegen  0.08/turn              (no ring)

@: no status effects
A: high mp 1, forlorn
a: no special abilities


You were on level 5 of the Dungeon.
You visited 1 branch of the dungeon, and saw 1 of its levels.

Inventory:

Hand Weapons
 a - a +0 hand axe (weapon)
Missiles
 i - 24 bolts
Armour
 b - a +0 leather armour (worn)
Wands
 g - a wand of digging (3)
Scrolls
 c - a scroll of fog
 d - a scroll of magic mapping
 e - a scroll of fear
Potions
 f - a potion of haste
 h - a potion of lignification {unknown}


   Skills:
 + Level 2.8 Fighting
 * Level 2.1 Axes
 - Level 1.7 Dodging
 - Level 4.5 Stealth


You couldn't memorise any spells.
You didn't know any spells.
Your spell library was empty.

Dungeon Overview and Level Annotations

Branches:
Dungeon (5/15)
 Temple: D:4-7


Innate Abilities, Weirdness & Mutations

Your attributes grow dramatically as you level up.
You have an increased reservoir of magic. (+10% MP)
You shall have no god before yourself.


Message History

You hit the ufetubus but do no damage.
The ufetubus is heavily wounded.
The ufetubus closely misses you. x2; The ufetubus hits you.
The ufetubus completely misses you.
You hit the ufetubus.
You kill the ufetubus!
Your Axes skill increases to level 2!
You start resting.
HP restored.
There is an open door here.
Found 24 bolts.
You see here 24 bolts.
i - 24 bolts An iguana comes into view.
The iguana hisses angrily.
You closely miss the iguana. The iguana bites you!
Ouch! That really hurt!
You hit the iguana.
The iguana is lightly wounded.
The iguana misses you.
You slash the iguana!
The iguana is heavily wounded.
The iguana bites you but does no damage.
You closely miss the iguana.
The iguana is heavily wounded.
The iguana closely misses you.
You hit the iguana but do no damage.
The iguana is heavily wounded.
The iguana closely misses you. The iguana bites you!
* * * LOW HITPOINT WARNING * * *
You hit the iguana but do no damage.
The iguana is heavily wounded.
The iguana misses you.
You closely miss the iguana.
The iguana is heavily wounded.
The iguana misses you.
You closely miss the iguana.
The iguana is heavily wounded.
The iguana bites you!
You die...

#.#
#.###
#...#
###.#
#.# #.#
#.# #l#
#@# #.#
#.# #.#
#.# #.#
#.#
#.#####
#.....#


You could see an iguana.

Vanquished Creatures
  An ufetubus (D:5)
1 creature vanquished.

Notes
Turn   | Place    | Note
-------+----------+-------------------------------------------
     0 | D:5      | Glokmah the Demigod Delver began the quest for the Orb.
     0 | D:5      | Reached XP level 1. HP: 18/18 MP: 3/3
   171 | D:5      | Noticed an iguana
   193 | D:5      | Mangled by an iguana

Illustrated notes

Levels and vault maps discovered:
D:5:      layout_basic, nicolae_qazlal_eye_of_the_storm,
          nemelex_xobeh_ov_fountains_minmay, serial_bayou_ford_a,
          kennysheep_crisscross, uniq_ijyb, uniq_menkaure

Skill      XL: |  1 |
---------------+----+-----
Axes           | 2 |  2.1
Fighting       | |  2.8
Dodging        | |  1.7
Stealth        | |  4.5

Action                   || total
-------------------------++-------
Melee: Hand axe          ||    12
Armor: Leather armour    ||     2
Dodge: Dodged            ||    13

Table legend: (Time is in decaauts)
 A = Elapsed time spent in this place.
 B = Non-inter-level travel time spent in this place.
 C = Inter-level travel time spent in this place.
 D = Time resting spent in this place.
 E = Time spent auto-exploring this place.
 F = Levels seen in this place.
 G = Mean time per level.
                   A        B        C        D        E       F      G
               +--------+--------+--------+--------+--------+-----+--------+
         Total |    195 |    195 |      0 |     51 |      0 |   1 |  195.0 |
       Dungeon |    195 |    195 |      0 |     51 |      0 |   1 |  195.0 |
               +--------+--------+--------+--------+--------+-----+--------+

Top non-repeatable levels by time:
     D:5: 195 daAuts
